 Dungeon Crawl Stone Soup version 0.29.0-4-gdea44cf6ec (webtiles) character file.

Game seed: 16174738108482237506

2783 qw the Cleaver (level 10, 0/79 HPs)
             Began as a Formicid Cinder Acolyte on Sept 3, 2022.
             Was a Believer of Ignis.
             Slain by an orc priest
             ... wielding a +0 mace
              (3 damage)
             ... on level 8 of the Dungeon.
             The game lasted 00:03:39 (8026 turns).

qw the Cleaver (Formicid Cinder Acolyte)            Turns: 8026, Time: 00:03:39

Health: 0/79       AC: 20    Str: 28    XL:     10   Next: 1%
Magic:  11/11      EV:  8    Int: 12    God:    Ignis [**....]
Gold:   335        SH:  6    Dex:  8    Spells: 11/11 levels left

rFire   + . .      SeeInvis +   o - +0 war axe
rCold   . . .      Faith    .   n - +2 buckler {AC+3}
rNeg    . . .      Spirit   .   j - +0 chain mail
rPois   .          Reflect  .   (helmet unavailable)
rElec   .          Harm     .   (no cloak)
rCorr   .          Rampage  .   (no gloves)
Will    +....                   c - +0 pair of boots
Stlth   ..........              b - amulet of the acrobat
HPRegen 0.23/turn               (no ring)
MPRegen 0.12/turn               (no ring)

@: fiery-armoured
A: permanent stasis, dig shafts and tunnels, antennae 3, four strong arms,
mutation resistance 1, strong 1
a: Dig, Shaft Self, Renounce Religion, Fiery Armour, Foxfire Swarm, Rising Flame


You were on level 8 of the Dungeon.
You worshipped Ignis.
Ignis was pleased with you.
You visited 1 branch of the dungeon, and saw 8 of its levels.

You collected 515 gold pieces.
You spent 180 gold pieces at shops.


Innate Abilities, Weirdness & Mutations

You cannot be hasted, slowed, berserked, paralysed or teleported.
You can dig through walls and to a lower floor.
You have a pair of large antennae on your head. (SInv)
Your four strong arms can wield two-handed weapons with a shield.
You are somewhat resistant to further mutation.
Your muscles are strong. (Str +4, Int/Dex -1)


   Skills:
 - Level 7.0 Fighting
 - Level 10.7 Axes
 - Level 1.0 Throwing
 - Level 4.0 Armour
 - Level 1.0 Dodging
 + Level 4.3 Shields
 - Level 1.1 Spellcasting
 - Level 3.0 Fire Magic


You had 11 spell levels left.
You didn't know any spells.
Your spell library contained the following spells:

 Spells                   Type           Power      Damage    Failure   Level
 Scorch                   Fire           14%        2d5       65%         2

Inventory:

Hand Weapons
 e - a +0 flail
 o - a +0 war axe (weapon)
Missiles
 f - 3 boomerangs (quivered)
Armour
 c - a +0 pair of boots (worn)
 g - a +1 pair of boots of stealth
 j - a +0 chain mail (worn)
 m - a +2 buckler of protection
 n - a +2 buckler of protection (worn)
Jewellery
 b - an amulet of the acrobat (around neck)
Scrolls
 a - 2 scrolls of identify
Potions
 d - a potion of haste {unknown}
 h - a potion of flight {unknown}
 i - a potion of invisibility {unknown}
 k - a potion of degeneration {unknown}
 l - a potion of cancellation {unknown}

Dungeon Overview and Level Annotations

Branches:
Dungeon (8/15)             Temple (0/1) D:7            Lair (0/5) D:8

Altars:
Kikubaaqudgha
Nemelex Xobeh
Ru
Sif Muna
Vehumet

Shops:
D:8 [

Annotations:
D:6 2 transporters, qw's ghost, novice FoCA


Message History

You closely miss the warg. The warg bites you.
The warg is burned by your cloak of flames.
The warg is moderately wounded.
The warg bites you but does no damage.
The warg is burned by your cloak of flames.
The warg is moderately wounded.
The orc wizard hits you but does no damage.
The orc wizard is burned by your cloak of flames.
The orc wizard is moderately wounded.
The orc hits you but does no damage.
The orc is burned by your cloak of flames.
You kill the orc!
You block the warg's attack. The warg bites you.
The warg is burned by your cloak of flames.
The warg is heavily wounded.
Your Shields skill increases to level 4!
You have reached level 10!
You closely miss the warg.
The warg is heavily wounded.
You closely miss the warg. You slash the orc wizard!
The orc wizard hits you but does no damage.
The orc wizard is burned by your cloak of flames.
You kill the orc wizard!
The warg bites you but does no damage.
The warg is burned by your cloak of flames.
The warg is moderately wounded.
You block the warg's attack.
You slash the warg!
The warg is severely wounded.
You hit the orc priest. You slash the warg!
The warg stops to sniff the ground.
The warg barely misses you. The warg bites you.
The warg is burned by your cloak of flames.
The warg is almost dead.
You block the warg's attack. The warg bites you but does no damage.
The warg is burned by your cloak of flames.
You kill the warg!
The orc priest hits you with a +0 mace.
You die...

............#..~...~..#)##...#
...........#...~._.~...#....##
............#..~...~..#)......
.............#..~~~..#.#......
.......:...##.#######.#..#....
............##................
..........>.......#####...###
##.).....##........# #...# .
#.....o@o..###.. ...## .
......ho)...# . ..## .
..........[.# ... .
.####.....### . ....... .
......... . ........... .
......>...... .


You could see a warg and 3 orc priests.

Vanquished Creatures
  Pikel (D:6)
  A wyvern (D:7)
  2 steam dragons
  2 wargs (D:8)
  A water moccasin (D:6)
  Duvessa (D:4)
  A black bear (D:6)
  A centaur (D:5)
  3 phantoms
  2 bullfrogs
  A gnoll sergeant (D:5)
  4 scorpions
  Dowan (D:4)
  2 jellies (D:6)
  4 orc priests
  5 hounds
  4 iguanas
  5 orc wizards
  4 gnolls (D:5)
  2 river rats (D:3)
  5 adders
  A shadow imp (D:7)
  An ufetubus (D:6)
  A worm (D:2)
  A dart slug (D:1)
  17 orcs
  10 bats
  3 endoplasms
  4 giant cockroaches
  12 goblins
  6 hobgoblins
  2 jackals (D:5)
  3 kobolds
  A quokka (D:1)
  8 ball pythons
  2 frilled lizards
  2 rats
126 creatures vanquished.

Notes
Turn   | Place    | Note
-------+----------+-------------------------------------------
     0 | D:1      | qw the Formicid Cinder Acolyte began the quest for the Orb.
     0 | D:1      | Reached XP level 1. HP: 18/18 MP: 2/2
     0 | D:1      | 0 ||| qw: Version: 0.1-a-102-g441f92d
     0 | D:1      | 0 ||| qw: Game counter: 5279
     0 | D:1      | 0 ||| qw: Always use a shield: true
     0 | D:1      | 0 ||| qw: God list: Okawaru
     0 | D:1      | 0 ||| qw: Allow faded altars: false
     0 | D:1      | 0 ||| qw: Do Orc after D:15 true
     0 | D:1      | 0 ||| qw: Do second Lair branch before Depths: true
     0 | D:1      | 0 ||| qw: Lair rune preference: random
     0 | D:1      | 0 ||| qw: Plans: Normal
     0 | D:1      | 0 ||| PLANNING D:1-11
    35 | D:1      | Found a faded altar of an unknown god.
   194 | D:1      | Reached XP level 2. HP: 14/24 MP: 3/3
   508 | D:1      | 508 ||| Stepping ~*~*~tactically~*~*~ (stealth).
   726 | D:1      | Reached skill level 4 in Axes
   726 | D:1      | Reached XP level 3. HP: 29/29 MP: 4/4
   947 | D:1      | 947 ||| UPGRADING to +0 ring mail.
   957 | D:1      | 957 ||| DROPPING +0 robe.
   958 | D:1      | 958 ||| READING 2 scrolls labelled SEMAAFIQOQE.
   959 | D:1      | 959 ||| READING scroll labelled BIFUAT CIRULAR.
   960 | D:1      | 960 ||| READING scroll labelled SITSIRESTU.
   961 | D:1      | 961 ||| READING scroll labelled ULOEHU ISTEIN.
  1020 | D:1      | 1020 ||| DROPPING +0 club.
  1264 | D:2      | Reached skill level 1 in Armour
  1497 | D:2      | 1497 ||| Stepping ~*~*~tactically~*~*~ (stealth).
  1508 | D:2      | 1508 ||| Stepping ~*~*~tactically~*~*~ (stealth).
  1509 | D:2      | 1509 ||| Stepping ~*~*~tactically~*~*~ (stealth).
  1510 | D:2      | 1510 ||| Stepping ~*~*~tactically~*~*~ (stealth).
  1551 | D:2      | 1551 ||| Stepping ~*~*~tactically~*~*~ (stealth).
  1811 | D:2      | 1811 ||| DROPPING scarf of invisibility.
  1812 | D:2      | 1812 ||| READING scroll labelled OMAPAC ITIAVE.
  1822 | D:3      | 1822 ||| PLANNING SEWER
  1822 | D:3      | 1822 ||| STAIRDANCE
  1833 | D:3      | 1833 ||| STAIRDANCE
  2154 | D:3      | Found a glowing drain.
  2155 | D:3      | 2155 ||| READING scroll labelled MAIRAP YFIYMASM.
  2303 | D:3      | Found a radiant altar of Vehumet.
  2303 | D:3      | Found an ancient bone altar of Kikubaaqudgha.
  2339 | D:3      | Found a sparkling altar of Nemelex Xobeh.
  2365 | D:3      | Noticed a scorpion
  2366 | D:3      | 2366 ||| Stepping ~*~*~tactically~*~*~ (stealth).
  2377 | D:3      | 2377 ||| INVOKING Fiery Armour.
  2380 | D:3      | Killed a scorpion
  2381 | D:3      | Reached skill level 5 in Axes
  2381 | D:3      | Reached XP level 4. HP: 9/35 MP: 5/5
  2381 | D:3      | Reached XP level 5. HP: 11/41 MP: 6/6
  2381 | D:3      | HP: 10/41 [poisoned by a scorpion]
  2424 | D:3      | 2424 ||| FLEEEEING.
  2475 | D:3      | 2475 ||| RIP SEWER
  2615 | D:3      | 2615 ||| PLANNING D:1-11
  2872 | D:3      | Reached skill level 1 in Dodging
  3261 | D:3      | 3261 ||| UPGRADING to amulet of the acrobat.
  3266 | D:3      | 3266 ||| READING scroll labelled RYERRU GOSKUF.
  3285 | D:4      | Noticed Duvessa
  3285 | D:4      | Noticed Dowan
  3286 | D:4      | 3286 ||| INVOKING Fiery Armour.
  3301 | D:4      | Killed Duvessa
  3302 | D:4      | Reached skill level 6 in Axes
  3302 | D:4      | Reached XP level 6. HP: 25/47 MP: 7/7
  3308 | D:4      | Killed Dowan
  3483 | D:4      | 3483 ||| INVOKING Fiery Armour.
  3719 | D:4      | 3719 ||| Stepping ~*~*~tactically~*~*~ (stealth).
  3722 | D:4      | 3722 ||| INVOKING Fiery Armour.
  3728 | D:4      | Reached XP level 7. HP: 55/55 MP: 8/8
  3730 | D:4      | 3730 ||| Stepping ~*~*~tactically~*~*~ (hiding).
  3750 | D:4      | 3750 ||| Stepping ~*~*~tactically~*~*~ (stealth).
  3758 | D:4      | Reached skill level 7 in Axes
  3805 | D:4      | 3805 ||| Stepping ~*~*~tactically~*~*~ (stealth).
  3810 | D:4      | 3810 ||| Stepping ~*~*~tactically~*~*~ (hiding).
  3849 | D:4      | 3849 ||| Stepping ~*~*~tactically~*~*~ (stealth).
  3955 | D:4      | Reached skill level 1 in Throwing
  4020 | D:4      | 4020 ||| INVOKING Fiery Armour.
  4021 | D:4      | HP: 13/55 [iguana (8)]
  4390 | D:4      | 4390 ||| UPGRADING to +0 chain mail.
  4400 | D:4      | 4400 ||| DROPPING +0 ring mail.
  4401 | D:4      | 4401 ||| DRINKING 2 glowing white potions.
  4401 | D:4      | Gained mutation: Your body sometimes deteriorates upon
                  | taking damage. [potion of mutation]
  4401 | D:4      | Gained mutation: You are frail. (-10% HP) [potion of
                  | mutation]
  4401 | D:4      | Gained mutation: Your muscles are strong. (Str +4, Int/Dex
                  | -1) [potion of mutation]
  4402 | D:4      | 4402 ||| DRINKING potion of mutation.
  4402 | D:4      | Lost mutation: You are frail. (-10% HP) [potion of
                  | mutation]
  4402 | D:4      | Lost mutation: Your body sometimes deteriorates upon taking
                  | damage. [potion of mutation]
  4402 | D:4      | Gained mutation: You are somewhat resistant to further
                  | mutation. [potion of mutation]
  4457 | D:5      | Entered Level 5 of the Dungeon
  4745 | D:5      | 4745 ||| INVOKING Fiery Armour.
  4746 | D:5      | HP: 9/55 [gnoll sergeant/+0 spear (5)]
  4752 | D:5      | HP: 1/55 [gnoll sergeant/+0 spear (7)]
  4755 | D:5      | Reached XP level 8. HP: 2/61 MP: 9/9
  5092 | D:5      | 5092 ||| Stepping ~*~*~tactically~*~*~ (hiding).
  5100 | D:5      | Reached skill level 8 in Axes
  5602 | D:5      | 5602 ||| READING 2 scrolls of identify.
  5602 | D:5      | 5602 ||| IDENTIFYING lumpy cyan potion
  5603 | D:5      | 5603 ||| DROPPING potion of brilliance.
  5616 | D:6      | Found a shimmering blue altar of Sif Muna.
  5622 | D:6      | 5622 ||| STAIRDANCE
  5633 | D:5      | Reached skill level 3 in Armour
  5670 | D:6      | 5670 ||| STAIRDANCE
  5686 | D:6      | Noticed Pikel
  5697 | D:6      | 5697 ||| INVOKING Fiery Armour.
  5700 | D:6      | Killed Pikel
  5701 | D:6      | Reached skill level 9 in Axes
  5701 | D:6      | Reached XP level 9. HP: 28/68 MP: 10/10
  6098 | D:6      | Reached skill level 6 in Fighting
  6102 | D:6      | 6102 ||| INVOKING Fiery Armour.
  6109 | D:6      | Reached skill level 10 in Axes
  6109 | D:6      | 6109 ||| FLEEEEING.
  6112 | D:6      | 6112 ||| FLEEEEING.
  6113 | D:6      | 6113 ||| FLEEEEING.
  6114 | D:6      | 6114 ||| FLEEEEING.
  6115 | D:6      | 6115 ||| FLEEEEING.
  6116 | D:6      | 6116 ||| FLEEEEING.
  6117 | D:6      | 6117 ||| FLEEEEING.
  6118 | D:6      | 6118 ||| FLEEEEING.
  6119 | D:6      | 6119 ||| FLEEEEING.
  6120 | D:6      | 6120 ||| FLEEEEING.
  6121 | D:6      | 6121 ||| FLEEEEING.
  6177 | D:6      | Noticed a queen bee
  6256 | D:6      | 6256 ||| FLEEEEING.
  6257 | D:6      | 6257 ||| FLEEEEING.
  6258 | D:6      | 6258 ||| FLEEEEING.
  6259 | D:6      | 6259 ||| FLEEEEING.
  6260 | D:6      | 6260 ||| FLEEEEING.
  6261 | D:6      | 6261 ||| FLEEEEING.
  6262 | D:6      | 6262 ||| FLEEEEING.
  6263 | D:6      | 6263 ||| FLEEEEING.
  6264 | D:6      | 6264 ||| FLEEEEING.
  6265 | D:6      | 6265 ||| FLEEEEING.
  6266 | D:6      | 6266 ||| FLEEEEING.
  6267 | D:6      | 6267 ||| FLEEEEING.
  6268 | D:6      | 6268 ||| FLEEEEING.
  6269 | D:6      | 6269 ||| FLEEEEING.
  6270 | D:6      | 6270 ||| FLEEEEING.
  6271 | D:6      | 6271 ||| FLEEEEING.
  6272 | D:6      | 6272 ||| FLEEEEING.
  6273 | D:6      | 6273 ||| FLEEEEING.
  6274 | D:6      | 6274 ||| FLEEEEING.
  6275 | D:6      | 6275 ||| FLEEEEING.
  6276 | D:6      | 6276 ||| FLEEEEING.
  6277 | D:6      | 6277 ||| FLEEEEING.
  6278 | D:6      | 6278 ||| FLEEEEING.
  6279 | D:6      | 6279 ||| FLEEEEING.
  6280 | D:6      | 6280 ||| FLEEEEING.
  6281 | D:6      | 6281 ||| FLEEEEING.
  6282 | D:6      | 6282 ||| FLEEEEING.
  6283 | D:6      | 6283 ||| FLEEEEING.
  6284 | D:6      | 6284 ||| FLEEEEING.
  6285 | D:6      | 6285 ||| FLEEEEING.
  6286 | D:6      | 6286 ||| FLEEEEING.
  6287 | D:6      | 6287 ||| FLEEEEING.
  6288 | D:6      | 6288 ||| FLEEEEING.
  6289 | D:6      | 6289 ||| FLEEEEING.
  6290 | D:6      | 6290 ||| FLEEEEING.
  6291 | D:6      | 6291 ||| FLEEEEING.
  6292 | D:6      | 6292 ||| STAIRDANCE
  6458 | D:5      | 6458 ||| READING scroll labelled XUSEIQE NINAZI.
  6463 | D:6      | 6463 ||| STAIRDANCE
  6581 | D:6      | Noticed qw's ghost (novice FoCA)
  6587 | D:6      | Identified the +1 ring mail of the Valley of Death {+Blink
                  | rN+ Str+4 Dex-3}
  6694 | D:6      | Found a transporter.
  6698 | D:6      | Found a transporter.
  6967 | D:6      | 6967 ||| DROPPING +1 ring mail of the Valley of Death
                  | {+Blink rN+ Str+4 Dex-3}.
  7062 | D:7      | 7062 ||| INVOKING Fiery Armour.
  7177 | D:7      | 7177 ||| FLEEEEING.
  7323 | D:7      | 7323 ||| READING scroll of enchant weapon.
  7323 | D:7      | 7323 ||| ENCHANTING +0 hand axe of freezing.
  7389 | D:7      | Found a staircase to the Ecumenical Temple.
  7395 | D:7      | 7395 ||| Stepping ~*~*~tactically~*~*~ (hiding).
  7490 | D:7      | 7490 ||| READING scroll of enchant weapon.
  7490 | D:7      | 7490 ||| ENCHANTING +1 hand axe of freezing.
  7636 | D:7      | 7636 ||| UPGRADING to +0 pair of boots.
  7641 | D:7      | 7641 ||| UPGRADING to +2 buckler of protection.
  7646 | D:7      | 7646 ||| READING scroll labelled UHASEUZASI.
  7647 | D:7      | 7647 ||| READING scroll labelled SAEROSIL HEMURR.
  7648 | D:7      | 7648 ||| DRINKING 2 fuming golden potions.
  7649 | D:7      | 7649 ||| DROPPING potion of attraction.
  7650 | D:7      | 7650 ||| Stepping randomly (stuck).
  7651 | D:7      | 7651 ||| Stepping ~*~*~tactically~*~*~ (cloud).
  7778 | D:8      | Found Qefu's Antique Armour Emporium.
  7782 | D:8      | 7782 ||| BUYING pair of glowing boots (180 gold).
  7782 | D:8      | Bought a pair of glowing boots for 180 gold pieces
  7920 | D:8      | 7920 ||| Stepping ~*~*~tactically~*~*~ (hiding).
  7952 | D:8      | Found a sacrificial altar of Ru.
  7954 | D:8      | 7954 ||| SWAPPING to +0 war axe.
  7955 | D:8      | 7955 ||| DROPPING +2 hand axe of freezing.
  8016 | D:8      | 8016 ||| INVOKING Fiery Armour.
  8018 | D:8      | Found a staircase to the Lair.
  8021 | D:8      | HP: 17/72 [warg (4)]
  8022 | D:8      | HP: 6/72 [orc priest/divine providence (10)]
  8023 | D:8      | Reached skill level 3 in Shields
  8025 | D:8      | Reached XP level 10. HP: 5/79 MP: 11/11
  8026 | D:8      | Slain by an orc priest

Levels and vault maps discovered:
D:1:      tarquinn_simple_flora_water_a, layout_rooms,
          hellmonk_ecumenical_altar_lost_god
D:2:      layout_basic
D:3:      layout_loops_ring, nemelex_xobeh_ov_fountains_minmay,
          nicolae_overflow_two_pavilions, portal_sewer_entry_c,
          kennysheep_cross_room, nrook_loot_triangle, minmay_crystal_water,
          kennysheep_small_spiral
D:4:      layout_rooms, nicolae_titane, uniq_duvessa
D:5:      layout_basic
D:6:      layout_cave_pods, nicolae_sif_muna_condensation, gammafunk_ghost_hive,
          uniq_pikel
D:7:      layout_cave_pools, minmay_temple_entry_trees,
          small_statue_intersection
D:8:      layout_rooms, nicolae_ru_awakened_eye, erik_lair_orcish_takeover,
          serial_shops, shop

Skill      XL: |  1  2  3  4  5  6  7  8  9 |
---------------+----------------------------+-----
Axes           | 4 5 6 7 9 10 | 10.7
Armour         | 1 2 3 4 |  4.0
Dodging        | 1 |  1.0
Fighting       | 4 5 7 |  7.0
Throwing       | 1 |  1.0
Shields        | 4 |  4.3
Spellcasting   | |  1.1
Fire Magic     | |  3.0

Action                   |  1- 3 |  4- 6 |  7- 9 | 10-12 || total
-------------------------+-------+-------+-------+-------++-------
Melee: Hand axe          |   132 |    79 |   233 |       ||   444
       Punch             |     1 |       |     5 |       ||     6
       War axe           |       |       |     6 |     2 ||     8
Throw: Boomerang         |       |       |    51 |       ||    51
Invok: Fiery Armour      |     1 |     3 |     6 |       ||    10
  Use: Scroll            |     6 |     1 |     6 |       ||    13
       Potion            |       |       |     3 |       ||     3
Armor: Robe              |    44 |       |       |       ||    44
       Ring mail         |    18 |    21 |    14 |       ||    53
       Chain mail        |       |       |    78 |     3 ||    81
Dodge: Dodged            |    99 |    52 |    95 |     1 ||   247
Block: Buckler           |       |       |    12 |     2 ||    14

Table legend:
 A = Non-vault XP
 B = Vault XP
 C = Vault XP percentage of total XP
 D = Non-vault monster count
 E = Vault monster count
 F = Vault count percentage of total count
                 A         B        C        D         E       F
            +---------+---------+-------+---------+---------+-------
      Total |    2848 |    1299 |  31.3 |     111 |      15 |  11.9
            +---------+---------+-------+---------+---------+-------
        D:1 |      33 |       0 |   0.0 |      17 |       0 |   0.0
        D:2 |      30 |       0 |   0.0 |      18 |       0 |   0.0
        D:3 |     106 |      33 |  23.7 |       5 |       6 |  54.5
        D:4 |     401 |     205 |  33.8 |      23 |       2 |   8.0
        D:5 |     642 |       0 |   0.0 |      18 |       0 |   0.0
        D:6 |     768 |     651 |  45.9 |      11 |       1 |   8.3
        D:7 |     647 |       0 |   0.0 |      14 |       0 |   0.0
        D:8 |     221 |     410 |  65.0 |       5 |       6 |  54.5
            +---------+---------+-------+---------+---------+-------
